Diables vs Mulligans
Created - April 27, 2017 at 19:10
Goals
|
Diables |
2 |
1 |
1 |
4 |
Mulligans |
2 |
2 |
1 |
5 |
|
Shots
|
Diables |
13 |
8 |
20 |
41 |
Mulligans |
8 |
8 |
8 |
24 |
|
1st period
1. Mulligans , Matt Beleskey 27 (Maxime Macenauer 22, Matt Taormina 16) at 6:32
2. Mulligans , Maxime Macenauer 20 (Matt Beleskey 32) at 11:35
3. Diables , J.T. Brown 4 (Petter Granberg 5, Keith Seabrook 5) at 14:10
4. Diables , Gabriel Landeskog 9 (Steve Quailer 36, Tyler Bozak 95) at 19:11
Penalties :
Steve Quailer (Alm) for High sticking (Minor) at 14:32
2nd period
5. Diables , Ben Hanowski 19 (Brandon Prust 19, Kyle Chipchura 9) at 2:01
6. Mulligans , Matt Taormina 3 (Michael Del Zotto 81, Anders Lindback) at 3:38
7. Mulligans , Eric Tangradi 26 (Michael Del Zotto 82, Chris Neil 52) at 12:58 (PP)
Penalties :
Taylor Beck (Alm) for Interference (Minor) at 12:19, Jonathan Tremblay (Rep) for Holding (Minor) at 13:11
3rd period
8. Diables , Gabriel Landeskog 10 (Tyler Bozak 96, Steve Quailer 37) at 0:26
9. Mulligans , Matt Beleskey 28 (Maxime Macenauer 23) at 12:37
Penalties :
Eric Tangradi (Rep) for Interference (Minor) at 7:48, Tyler Cuma (Alm) for Attempt to injure (Major / Game Misconduct) at 12:40
Goalie Stats
Marek Mazanek (Alm), 19 saves from 24 shots - (0.792), L, 17-9-0, 58:57 minutes
Anders Lindback (Rep), 37 saves from 41 shots - (0.902), W, 30-12-3, 60:00 minutes
Players Stats for Diables
Player Name G A P +/- PIM S H SB GA TA FO MP PP MP PK MP
------------------------------------------------------------------------------------
Ben Hanowski 1 0 1 0 0 3 2 0 0 0 0/1 14:04 2:11 0:00
Brandon Prust 0 1 1 0 0 3 3 2 1 3 4/7 14:50 0:00 4:08
Craig Smith 0 0 0 -2 0 1 2 0 0 0 4/10 16:48 1:38 2:16
Gabriel Landeskog 2 0 2 1 0 4 2 1 0 1 1/2 20:59 2:20 2:38
J.T. Brown 1 0 1 1 0 6 1 0 0 0 0/0 9:45 0:09 0:00
Jamie Oleksiak 0 0 0 -1 0 0 0 0 0 1 0/0 7:35 0:00 3:04
Keith Seabrook 0 1 1 2 0 1 0 0 0 0 0/0 13:03 0:00 0:00
Kellan Lain 0 0 0 -2 0 2 1 0 1 0 0/1 17:44 1:38 4:06
Kyle Chipchura 0 1 1 0 0 2 0 1 0 0 4/7 12:21 0:09 1:41
Lukas Krajicek 0 0 0 1 0 4 1 1 0 2 0/0 24:58 1:55 4:39
Mark Fraser 0 0 0 -2 0 1 1 3 0 1 0/0 18:53 2:03 2:30
Pavel Valentenko 0 0 0 -2 0 0 1 1 0 0 0/0 17:56 2:03 1:33
Petter Granberg 0 1 1 2 0 1 0 1 0 0 0/0 12:36 0:00 1:25
Steve Quailer 0 2 2 1 2 3 0 0 3 0 0/2 16:41 0:00 0:00
Taylor Beck 0 0 0 1 2 1 0 0 0 0 0/0 8:44 0:00 0:25
Tomas Kubalik 0 0 0 -2 0 1 2 0 0 0 0/0 13:45 1:38 0:00
Tyler Arnason 0 0 0 1 0 2 1 2 0 0 1/3 8:19 0:00 0:00
Tyler Bozak 0 2 2 1 0 4 2 0 0 1 14/28 18:21 2:11 0:00
Tyler Cuma 0 0 0 0 15 2 5 2 0 1 0/0 24:58 1:55 2:03
Players Stats for Mulligans
Player Name G A P +/- PIM S H SB GA TA FO MP PP MP PK MP
------------------------------------------------------------------------------------
Anton Lander 0 0 0 0 0 0 2 1 0 1 6/13 17:31 3:12 1:16
Cade Fairchild 0 0 0 0 0 1 0 1 0 0 0/0 8:36 0:00 0:00
Chris Neil 0 1 1 -2 0 1 1 0 1 0 0/1 20:22 3:56 2:22
Cody Goloubef 0 0 0 0 0 0 2 1 0 0 0/0 10:29 0:00 1:28
Drayson Bowman 0 0 0 -2 0 2 2 0 0 0 0/0 17:58 3:56 0:00
Eric Tangradi 1 0 1 0 2 1 0 1 0 0 0/1 16:34 3:09 0:00
Gord Baldwin 0 0 0 2 0 0 0 0 0 1 0/0 14:04 0:00 2:30
Jonathan Tremblay 0 0 0 0 2 2 1 0 0 0 0/0 16:47 3:09 0:35
Joonas Donskoi 0 0 0 2 0 0 2 0 0 0 0/0 11:50 0:00 0:00
Logan Shaw 0 0 0 0 0 1 1 0 0 0 0/0 9:58 0:29 0:00
Matt Beleskey 2 1 3 2 0 4 1 0 1 0 1/1 13:19 0:27 0:00
Matt Donovan 0 0 0 2 0 0 0 1 0 0 0/0 14:04 0:00 2:30
Matt Niskanen 0 0 0 -3 0 1 1 0 3 1 0/0 17:00 3:03 0:00
Matt Taormina 1 1 2 1 0 2 0 4 1 0 0/0 20:20 4:34 1:28
Maxime Macenauer 1 2 3 2 0 1 1 1 0 0 10/11 14:22 0:35 2:24
Michael Del Zotto 0 2 2 1 0 1 1 2 2 1 0/0 18:27 4:34 0:00
Nick Bonino 0 0 0 -2 0 3 1 0 0 0 12/27 18:52 3:58 0:45
Sven Baertschi 0 0 0 0 0 0 1 0 0 0 0/1 10:28 0:00 0:31
Thomas Hickey 0 0 0 -3 0 2 3 1 1 1 0/0 17:00 3:03 0:00
Tim Schaller 0 0 0 0 0 2 0 0 1 0 4/6 7:59 0:00 0:03
3 Stars
1 - Matt Beleskey (Rep)
2 - Maxime Macenauer (Rep)
3 - Gabriel Landeskog (Alm)
Power Play
Diables - 0 on 2 Attempt(s) - 0.00%
Mulligans - 1 on 3 Attempt(s) - 33.33%
Penalty Kill
Diables - 2 on 3 Attempt(s) - 66.67%
- Score 0 goal in Penalty Kill
Mulligans - 2 on 2 Attempt(s) - 100.00%
- Score 0 goal in Penalty Kill
Team Stat
Diables - Hits : 24 - Faceoff Wins : 28 - Blocked Shots : 14 - Penalty Minutes : 19
Mulligans - Hits : 20 - Faceoff Wins : 33 - Blocked Shots : 13 - Penalty Minutes : 4
Official
Referees : McCauley Wes and Hasenfratz Mike
Linesman : Dan Schachte and Mark Wheler
Game Notes
Tyler Cuma ejected from game at 12:40 of 3rd period
Finance
Level 1 -- Attendance: 1434 (71.70%) -- Ticket Income $28,680
Level 2 -- Attendance: 684 (68.40%) -- Ticket Income $4,788
Total Attendance: 2118 (70.60%)
Total Ticket Income: $33,468
Other Income: $1,673
Total Income: $35,141
Diables
5 vs 5 Forward
Center Left Wing Right Wing Time % Phy DF OF
1 Tyler Bozak Gabriel Landeskog Steve Quailer 40 0 2 3
2 Craig Smith Kellan Lain Tomas Kubalik 30 0 2 3
3 Kyle Chipchura Brandon Prust Ben Hanowski 20 1 2 2
4 Tyler Arnason Taylor Beck J.T. Brown 10 1 2 2
5 vs 5 Defense
Defense Defense Time % Phy DF OF
1 Tyler Cuma Lukas Krajicek 40 1 2 2
2 Mark Fraser Pavel Valentenko 30 1 2 2
3 Petter Granberg Keith Seabrook 20 1 2 2
4 Jamie Oleksiak Tyler Cuma 10 1 2 2
PowerPlay Forward
Center Left Wing Right Wing Time % Phy DF OF
1 Tyler Bozak Gabriel Landeskog Ben Hanowski 60 1 2 2
2 Craig Smith Kellan Lain Tomas Kubalik 40 1 2 2
PowerPlay Defense
Defense Defense Time % Phy DF OF
1 Tyler Cuma Lukas Krajicek 60 1 2 2
2 Mark Fraser Pavel Valentenko 40 1 2 2
Penalty Kill 4 Players Forward
Center Wing Time % Phy DF OF
1 Brandon Prust Kellan Lain 60 1 2 2
2 Gabriel Landeskog Craig Smith 40 1 2 2
Penalty Kill 4 Players Defense
Defense Defense Time % Phy DF OF
1 Tyler Cuma Lukas Krajicek 60 1 2 2
2 Mark Fraser Pavel Valentenko 40 1 2 2
Penalty Kill - 3 Players Forward
Forward Time % Phy DF OF
1 Brandon Prust 60 1 2 2
2 Kellan Lain 40 1 2 2
Penalty Kill - 3 Players Defense
Defense Defense Time % Phy DF OF
1 Tyler Cuma Lukas Krajicek 60 1 2 2
2 Mark Fraser Pavel Valentenko 40 1 2 2
4 vs 4 Forward
Center Wing Time % Phy DF OF
1 Brandon Prust Kellan Lain 60 1 2 2
2 Gabriel Landeskog Craig Smith 40 1 2 2
4 vs 4 Defense
Defense Defense Time % Phy DF OF
1 Tyler Cuma Lukas Krajicek 60 1 2 2
2 Mark Fraser Pavel Valentenko 40 1 2 2
Last Minutes Offensive
Center Left Wing Right Wing Defense Defense
Craig Smith Gabriel Landeskog Tomas Kubalik Tyler Cuma Lukas Krajicek
Last Minutes Defensive
Center Left Wing Right Wing Defense Defense
Craig Smith Gabriel Landeskog Ben Hanowski Tyler Cuma Lukas Krajicek
Goaltenders
Starting : Marek Mazanek
Backup : Jean-Francois Berube
Extra Forwards
Normal : Steve Quailer, Ben Hanowski, J.T. Brown - PP : Tomas Kubalik, Ben Hanowski - PK : Kyle Chipchura
Extra Defensemen
Normal : Petter Granberg, Tyler Cuma, Keith Seabrook - PP : Petter Granberg - PK : Tyler Cuma, Jamie Oleksiak
Penalty Shots
Brandon Prust, Kellan Lain, Gabriel Landeskog, Craig Smith, Ben Hanowski
Scratches
Louis Leblanc (Healthy), Vladislav Namestnikov (Healthy), Matt Lindblad (Healthy), Christian Thomas (Healthy), Borna Rendulic (Healthy)
Adam Clendening (Healthy), Brett Ritchie (Healthy), Blake Coleman (Healthy), Pierre-Cédric Labrie (Healthy), Marc-André Bourdon (Healthy)
Eddie Lack (Healthy)
Mulligans
5 vs 5 Forward
Center Left Wing Right Wing Time % Phy DF OF
1 Nick Bonino Drayson Bowman Chris Neil 32 0 2 3
2 Anton Lander Eric Tangradi Jonathan Tremblay 28 1 2 2
3 Maxime Macenauer Matt Beleskey Joonas Donskoi 24 0 2 3
4 Tim Schaller Sven Baertschi Logan Shaw 16 1 2 2
5 vs 5 Defense
Defense Defense Time % Phy DF OF
1 Matt Taormina Michael Del Zotto 30 1 2 2
2 Thomas Hickey Matt Niskanen 30 1 2 2
3 Gord Baldwin Matt Donovan 22 1 2 2
4 Cade Fairchild Cody Goloubef 18 1 3 1
PowerPlay Forward
Center Left Wing Right Wing Time % Phy DF OF
1 Nick Bonino Drayson Bowman Chris Neil 60 0 1 4
2 Anton Lander Eric Tangradi Jonathan Tremblay 40 0 1 4
PowerPlay Defense
Defense Defense Time % Phy DF OF
1 Matt Taormina Michael Del Zotto 55 0 2 3
2 Thomas Hickey Matt Niskanen 45 0 2 3
Penalty Kill 4 Players Forward
Center Wing Time % Phy DF OF
1 Maxime Macenauer Chris Neil 60 0 4 1
2 Anton Lander Jonathan Tremblay 40 0 4 1
Penalty Kill 4 Players Defense
Defense Defense Time % Phy DF OF
1 Matt Donovan Gord Baldwin 60 1 4 0
2 Matt Taormina Cody Goloubef 40 1 4 0
Penalty Kill - 3 Players Forward
Forward Time % Phy DF OF
1 Maxime Macenauer 60 1 4 0
2 Anton Lander 40 1 4 0
Penalty Kill - 3 Players Defense
Defense Defense Time % Phy DF OF
1 Matt Donovan Gord Baldwin 60 1 4 0
2 Cody Goloubef Matt Taormina 40 1 4 0
4 vs 4 Forward
Center Wing Time % Phy DF OF
1 Nick Bonino Drayson Bowman 60 0 2 3
2 Anton Lander Eric Tangradi 40 1 2 2
4 vs 4 Defense
Defense Defense Time % Phy DF OF
1 Matt Taormina Michael Del Zotto 60 1 2 2
2 Thomas Hickey Matt Niskanen 40 1 2 2
Last Minutes Offensive
Center Left Wing Right Wing Defense Defense
Nick Bonino Drayson Bowman Chris Neil Matt Taormina Michael Del Zotto
Last Minutes Defensive
Center Left Wing Right Wing Defense Defense
Anton Lander Eric Tangradi Jonathan Tremblay Matt Niskanen Matt Taormina
Goaltenders
Starting : Anders Lindback
Backup : Calvin Pickard
Extra Forwards
Normal : Logan Shaw, Matt Beleskey, Joonas Donskoi - PP : Maxime Macenauer, Matt Beleskey - PK : Nick Bonino
Extra Defensemen
Normal : Cody Goloubef, Matt Donovan, Gord Baldwin - PP : Matt Donovan - PK : Thomas Hickey, Matt Niskanen
Penalty Shots
Chris Neil, Maxime Macenauer, Nick Bonino, Matt Taormina, Matt Beleskey
Scratches
Denis Arkhipov (Healthy), Reid Boucher (Healthy), Michael Chaput (Healthy), Jan Hlavac (Healthy), Nick Shore (Healthy)
Oliver Lauridsen (Healthy), Justin Shugg (Healthy), Darren Dietz (Strained Left Knee Injury), Mario Lucia (Healthy), Adam Lowry (Healthy)
Austin Madaisky (Healthy), Matt Bartkowski (Healthy), Igor Bobkov (Healthy)
% Time on Ice - Diables
Lines # - Real PCT - Wanted PCT - Time Play
Normal Forward
1 - 35% - 40% - 16:24
2 - 26% - 30% - 12:07
3 - 22% - 20% - 10:29
4 - 18% - 10% - 8:19
Normal Defense
1 - 37% - 40% - 17:19
2 - 30% - 30% - 14:20
3 - 24% - 20% - 11:10
4 - 10% - 10% - 4:30
PP Forward
1 - 59% - 60% - 2:20
2 - 41% - 40% - 1:38
PP Defense
1 - 48% - 60% - 1:55
2 - 52% - 40% - 2:03
PK Forward
1 - 79% - 60% - 6:00
2 - 21% - 40% - 1:37
PK Defense
1 - 80% - 60% - 6:04
2 - 20% - 40% - 1:33
PK3 Forward
1 - 0% - 60%
2 - 0% - 40%
PK3 Defense
1 - 0% - 60%
2 - 0% - 40%
44 Forward
1 - 0% - 60%
2 - 0% - 40%
44 Defense
1 - 0% - 60%
2 - 0% - 40%
Last Minute Offensive - 1:06
Last Minute Defensive - 0:00
Total
Forward - 60:00
Defense - 60:00
|
% Time on Ice - Mulligans
Lines # - Real PCT - Wanted PCT - Time Play
Normal Forward
1 - 31% - 32% - 14:27
2 - 29% - 28% - 13:37
3 - 24% - 24% - 11:21
4 - 17% - 16% - 7:51
Normal Defense
1 - 29% - 30% - 13:53
2 - 30% - 30% - 14:22
3 - 22% - 22% - 10:25
4 - 18% - 18% - 8:36
PP Forward
1 - 58% - 60% - 4:25
2 - 42% - 40% - 3:12
PP Defense
1 - 60% - 55% - 4:34
2 - 40% - 45% - 3:03
PK Forward
1 - 75% - 60% - 2:59
2 - 25% - 40% - 0:59
PK Defense
1 - 63% - 60% - 2:30
2 - 37% - 40% - 1:28
PK3 Forward
1 - 0% - 60%
2 - 0% - 40%
PK3 Defense
1 - 0% - 60%
2 - 0% - 40%
44 Forward
1 - 0% - 60%
2 - 0% - 40%
44 Defense
1 - 0% - 60%
2 - 0% - 40%
Last Minute Offensive - 0:00
Last Minute Defensive - 1:09
Total
Forward - 60:00
Defense - 60:00
|
Play by Play
1st period
0:01 of 1st period - Nick Bonino wins face-off versus Tyler Bozak in neutral zone.
0:08 of 1st period - Chris Neil is hit by Tyler Cuma.
0:35 of 1st period - Off-side.
0:36 of 1st period - Maxime Macenauer wins face-off versus Ben Hanowski in neutral zone.
1:01 of 1st period - Logan Shaw is hit by J.T. Brown and loses puck.
1:28 of 1st period - Slapshot by Eric Tangradi.
1:28 of 1st period - Shot Blocked by Mark Fraser.
1:44 of 1st period - Snap shot by Chris Neil.
1:44 of 1st period - Deflect By Craig Smith.
1:44 of 1st period - Shot Misses the Net.
1:44 of 1st period - Puck is out of play.
1:45 of 1st period - Maxime Macenauer wins face-off versus Kellan Lain in Diables zone.
2:00 of 1st period - Wrist shot by Tomas Kubalik.
2:00 of 1st period - Shot Blocked by Cody Goloubef.
2:17 of 1st period - Steve Quailer is hit by Drayson Bowman and loses puck.
2:38 of 1st period - Mark Fraser is hit by Anton Lander and loses puck.
3:02 of 1st period - Wrist shot by J.T. Brown.
3:02 of 1st period - Shot Hit the Post.
3:15 of 1st period - Icing by Pavel Valentenko.
3:16 of 1st period - Maxime Macenauer wins face-off versus Tyler Arnason in Diables zone.
3:17 of 1st period - Wrist shot by Matt Beleskey.
3:17 of 1st period - Deflect By Nick Bonino.
3:17 of 1st period - Shot Misses the Net.
3:17 of 1st period - Puck is out of play.
3:18 of 1st period - Tyler Bozak wins face-off versus Nick Bonino in Diables zone.
3:29 of 1st period - Wrist shot by Tyler Bozak.
3:29 of 1st period - Stopped by Anders Lindback with a rebound.
4:34 of 1st period - Tyler Arnason is hit by Sven Baertschi and loses puck.
5:58 of 1st period - Off-side.
5:59 of 1st period - Tyler Arnason wins face-off versus Nick Bonino in neutral zone.
6:02 of 1st period - Wrist shot by Taylor Beck.
6:02 of 1st period - Shot Misses the Net.
6:08 of 1st period - Chris Neil is hit by Mark Fraser and loses puck.
6:32 of 1st period - Snap shot by Matt Beleskey.
6:32 of 1st period - Goal by Matt Beleskey - Diables : 0 - Mulligans : 1.
6:33 of 1st period - Tyler Bozak wins face-off versus Anton Lander in neutral zone.
7:00 of 1st period - Kellan Lain is hit by Maxime Macenauer and loses puck.
7:09 of 1st period - Snap shot by Maxime Macenauer.
7:09 of 1st period - Shot Misses the Net.
7:11 of 1st period - Wrist shot by Matt Beleskey.
7:11 of 1st period - Shot Misses the Net.
7:13 of 1st period - Snap shot by Maxime Macenauer.
7:13 of 1st period - Shot Misses the Net.
8:24 of 1st period - Craig Smith is hit by Thomas Hickey and loses puck.
8:47 of 1st period - Snap shot by Drayson Bowman.
8:47 of 1st period - Shot Misses the Net.
9:17 of 1st period - Gabriel Landeskog is hit by Anton Lander.
9:21 of 1st period - Wrist shot by Steve Quailer.
9:21 of 1st period - Stopped by Anders Lindback with a rebound.
9:39 of 1st period - Maxime Macenauer is hit by Kellan Lain and loses puck.
9:48 of 1st period - Snap shot by Kellan Lain.
9:48 of 1st period - Shot Misses the Net.
9:50 of 1st period - Slapshot by Mark Fraser.
9:50 of 1st period - Shot Blocked by Cade Fairchild.
10:00 of 1st period - Mark Fraser is hit by Cody Goloubef and loses puck.
10:05 of 1st period - Wrist shot by Drayson Bowman.
10:05 of 1st period - Stopped by Marek Mazanek with a rebound.
10:07 of 1st period - Snap shot by Matt Taormina.
10:07 of 1st period - Deflect By Drayson Bowman.
10:07 of 1st period - Shot Misses the Net.
10:07 of 1st period - Puck is out of play.
10:08 of 1st period - Tyler Bozak wins face-off versus Nick Bonino in Diables zone.
10:56 of 1st period - Snap shot by Jonathan Tremblay.
10:56 of 1st period - Stopped by Marek Mazanek without a rebound.
10:57 of 1st period - Tim Schaller wins face-off versus Kyle Chipchura in Diables zone.
11:03 of 1st period - Off-side.
11:04 of 1st period - Tyler Bozak wins face-off versus Nick Bonino in neutral zone.
11:11 of 1st period - Snap shot by Steve Quailer.
11:11 of 1st period - Shot Misses the Net.
11:13 of 1st period - Wrist shot by Tyler Cuma.
11:13 of 1st period - Stopped by Anders Lindback without a rebound.
11:14 of 1st period - Nick Bonino wins face-off versus Tyler Bozak in Mulligans zone.
11:33 of 1st period - Backhand shot by Chris Neil.
11:33 of 1st period - Stopped by Marek Mazanek without a rebound.
11:34 of 1st period - Matt Beleskey wins face-off versus Craig Smith in Diables zone.
11:35 of 1st period - Wrist shot by Maxime Macenauer.
11:35 of 1st period - Goal by Maxime Macenauer - Diables : 0 - Mulligans : 2.
11:36 of 1st period - Tyler Bozak wins face-off versus Anton Lander in neutral zone.
12:34 of 1st period - Kyle Chipchura is hit by Thomas Hickey and loses puck.
12:45 of 1st period - Michael Del Zotto is hit by Pavel Valentenko and loses puck.
12:56 of 1st period - Wrist shot by J.T. Brown.
12:56 of 1st period - Deflect By Taylor Beck.
12:56 of 1st period - Shot Misses the Net.
12:56 of 1st period - Puck is out of play.
12:57 of 1st period - Anton Lander wins face-off versus Tyler Bozak in Mulligans zone.
13:22 of 1st period - Jamie Oleksiak is hit by Matt Beleskey and loses puck.
13:31 of 1st period - Wrist shot by Tomas Kubalik.
13:31 of 1st period - Shot Misses the Net.
14:02 of 1st period - Snap shot by J.T. Brown.
14:02 of 1st period - Stopped by Anders Lindback with a rebound.
14:04 of 1st period - Snap shot by Keith Seabrook.
14:04 of 1st period - Stopped by Anders Lindback with a rebound.
14:06 of 1st period - Snap shot by J.T. Brown.
14:06 of 1st period - Stopped by Anders Lindback with a rebound.
14:08 of 1st period - Slapshot by Petter Granberg.
14:08 of 1st period - Stopped by Anders Lindback with a rebound.
14:10 of 1st period - Wrist shot by J.T. Brown.
14:10 of 1st period - Goal by J.T. Brown - Diables : 1 - Mulligans : 2.
14:11 of 1st period - Anton Lander wins face-off versus Tyler Bozak in neutral zone.
14:32 of 1st period - Minor Penalty to Steve Quailer for High sticking.
14:33 of 1st period - Brandon Prust wins face-off versus Nick Bonino in Diables zone.
14:48 of 1st period - Slapshot by Chris Neil.
14:48 of 1st period - Shot Blocked by Brandon Prust.
15:23 of 1st period - Snap shot by Jonathan Tremblay.
15:23 of 1st period - Shot Blocked by Mark Fraser.
15:25 of 1st period - Snap shot by Eric Tangradi.
15:25 of 1st period - Shot Blocked by Mark Fraser.
15:27 of 1st period - Slapshot by Jonathan Tremblay.
15:27 of 1st period - Stopped by Marek Mazanek without a rebound.
15:28 of 1st period - Nick Bonino wins face-off versus Brandon Prust in Diables zone.
15:29 of 1st period - Wrist shot by Chris Neil.
15:29 of 1st period - Shot Blocked by Brandon Prust.
16:10 of 1st period - Off-side.
16:11 of 1st period - Gabriel Landeskog wins face-off versus Eric Tangradi in neutral zone.
16:21 of 1st period - Off-side.
16:22 of 1st period - Nick Bonino wins face-off versus Brandon Prust in neutral zone.
16:32 of 1st period - Penalty to Steve Quailer is over, Steve Quailer is back on ice.
16:57 of 1st period - Wrist shot by J.T. Brown.
16:57 of 1st period - Stopped by Anders Lindback with a rebound.
17:03 of 1st period - Tyler Cuma is hit by Joonas Donskoi and loses puck.
17:48 of 1st period - Mark Fraser is hit by Michael Del Zotto and loses puck.
17:56 of 1st period - Icing by Pavel Valentenko.
17:57 of 1st period - Tim Schaller wins face-off versus Craig Smith in Diables zone.
18:48 of 1st period - Maxime Macenauer is hit by Ben Hanowski and loses puck.
18:53 of 1st period - Snap shot by Brandon Prust.
18:53 of 1st period - Shot Misses the Net.
18:55 of 1st period - Wrist shot by Kyle Chipchura.
18:55 of 1st period - Stopped by Anders Lindback without a rebound.
18:56 of 1st period - Maxime Macenauer wins face-off versus Steve Quailer in Mulligans zone.
19:05 of 1st period - Slapshot by Tyler Bozak.
19:05 of 1st period - Shot Misses the Net.
19:07 of 1st period - Snap shot by Steve Quailer.
19:07 of 1st period - Shot Misses the Net.
19:09 of 1st period - Backhand shot by Gabriel Landeskog.
19:09 of 1st period - Shot Misses the Net.
19:11 of 1st period - Wrist shot by Gabriel Landeskog.
19:11 of 1st period - Goal by Gabriel Landeskog - Diables : 2 - Mulligans : 2.
19:12 of 1st period - Tyler Bozak wins face-off versus Nick Bonino in neutral zone.
19:15 of 1st period - Matt Taormina is hit by Tyler Cuma and loses puck.
19:26 of 1st period - Slapshot by Nick Bonino.
19:26 of 1st period - Stopped by Marek Mazanek with a rebound.
19:28 of 1st period - Wrist shot by Matt Taormina.
19:28 of 1st period - Deflect By Nick Bonino.
19:28 of 1st period - Stopped by Marek Mazanek with a rebound.
19:38 of 1st period - Anton Lander is hit by Tyler Cuma and loses puck.
19:43 of 1st period - Wrist shot by Tomas Kubalik.
19:43 of 1st period - Shot Blocked by Matt Taormina.
19:45 of 1st period - Slapshot by Kellan Lain.
19:45 of 1st period - Shot Misses the Net.
19:47 of 1st period - Snap shot by Craig Smith.
19:47 of 1st period - Deflect By Kellan Lain.
19:47 of 1st period - Shot Misses the Net.
19:47 of 1st period - Puck is out of play.
19:48 of 1st period - Kyle Chipchura wins face-off versus Tim Schaller in Mulligans zone.
19:55 of 1st period - Slapshot by Brandon Prust.
19:55 of 1st period - Stopped by Anders Lindback without a rebound.
19:56 of 1st period - Kyle Chipchura wins face-off versus Tim Schaller in Mulligans zone.
19:57 of 1st period - Wrist shot by Brandon Prust.
19:57 of 1st period - Deflect By Ben Hanowski.
19:57 of 1st period - Stopped by Anders Lindback with a rebound.
Goals for this period are 2 for Diables vs 2 for Mulligans.
Shots for this period are 13 for Diables vs 8 for Mulligans.
2nd period
0:01 of 2nd period - Tyler Bozak wins face-off versus Nick Bonino in neutral zone.
0:50 of 2nd period - Lukas Krajicek is hit by Jonathan Tremblay and loses puck.
1:13 of 2nd period - Slapshot by Ben Hanowski.
1:13 of 2nd period - Shot Misses the Net.
1:17 of 2nd period - Backhand shot by Tyler Cuma.
1:17 of 2nd period - Deflect By Brandon Prust.
1:17 of 2nd period - Shot Blocked by Matt Taormina.
1:17 of 2nd period - Puck is out of play.
1:18 of 2nd period - Nick Bonino wins face-off versus Kyle Chipchura in Mulligans zone.
2:01 of 2nd period - Wrist shot by Ben Hanowski.
2:01 of 2nd period - Goal by Ben Hanowski - Diables : 3 - Mulligans : 2.
2:02 of 2nd period - Anton Lander wins face-off versus Tyler Bozak in neutral zone.
2:05 of 2nd period - Gabriel Landeskog is hit by Cody Goloubef and loses puck.
2:14 of 2nd period - Wrist shot by Tyler Bozak.
2:14 of 2nd period - Shot Misses the Net.
2:16 of 2nd period - Wrist shot by Steve Quailer.
2:16 of 2nd period - Shot Misses the Net.
2:18 of 2nd period - Snap shot by Gabriel Landeskog.
2:18 of 2nd period - Shot Misses the Net.
2:29 of 2nd period - Off-side.
2:30 of 2nd period - Maxime Macenauer wins face-off versus Craig Smith in neutral zone.
2:45 of 2nd period - Snap shot by Tomas Kubalik.
2:45 of 2nd period - Stopped by Anders Lindback without a rebound.
2:46 of 2nd period - Nick Bonino wins face-off versus Tyler Bozak in Mulligans zone.
2:59 of 2nd period - Wrist shot by Chris Neil.
2:59 of 2nd period - Shot Blocked by Tyler Cuma.
3:01 of 2nd period - Slapshot by Matt Taormina.
3:01 of 2nd period - Shot Misses the Net.
3:13 of 2nd period - Anton Lander is hit by Craig Smith and loses puck.
3:38 of 2nd period - Slapshot by Matt Taormina.
3:38 of 2nd period - Goal by Matt Taormina - Diables : 3 - Mulligans : 3.
3:39 of 2nd period - Maxime Macenauer wins face-off versus Tyler Bozak in neutral zone.
3:44 of 2nd period - Tyler Cuma is hit by Joonas Donskoi and loses puck.
4:05 of 2nd period - Drayson Bowman is hit by Tomas Kubalik.
4:15 of 2nd period - Drayson Bowman is hit by Tyler Cuma and loses puck.
4:32 of 2nd period - Wrist shot by Ben Hanowski.
4:32 of 2nd period - Shot Misses the Net.
4:57 of 2nd period - Snap shot by J.T. Brown.
4:57 of 2nd period - Shot Blocked by Anton Lander.
5:13 of 2nd period - Slapshot by Thomas Hickey.
5:13 of 2nd period - Deflect By Matt Beleskey.
5:13 of 2nd period - Stopped by Marek Mazanek with a rebound.
5:49 of 2nd period - Sven Baertschi is hit by Ben Hanowski and loses puck.
6:22 of 2nd period - Wrist shot by Maxime Macenauer.
6:22 of 2nd period - Shot Misses the Net.
6:24 of 2nd period - Wrist shot by Matt Beleskey.
6:24 of 2nd period - Shot Misses the Net.
6:39 of 2nd period - Icing by Anton Lander.
6:40 of 2nd period - Tyler Bozak wins face-off versus Anton Lander in Mulligans zone.
6:47 of 2nd period - Slapshot by Tyler Bozak.
6:47 of 2nd period - Stopped by Anders Lindback with a rebound.
6:49 of 2nd period - Slapshot by Pavel Valentenko.
6:49 of 2nd period - Shot Misses the Net.
6:51 of 2nd period - Wrist shot by Pavel Valentenko.
6:51 of 2nd period - Shot Misses the Net.
6:53 of 2nd period - Slapshot by Mark Fraser.
6:53 of 2nd period - Deflect By Steve Quailer.
6:53 of 2nd period - Shot Misses the Net.
6:53 of 2nd period - Puck is out of play.
6:54 of 2nd period - Nick Bonino wins face-off versus Tyler Bozak in Mulligans zone.
7:03 of 2nd period - Pavel Valentenko is hit by Thomas Hickey.
7:23 of 2nd period - Maxime Macenauer is hit by Craig Smith and loses puck.
8:04 of 2nd period - Slapshot by Matt Niskanen.
8:04 of 2nd period - Stopped by Marek Mazanek without a rebound.
8:05 of 2nd period - Tyler Bozak wins face-off versus Sven Baertschi in Diables zone.
8:49 of 2nd period - Matt Beleskey is hit by Tyler Arnason and loses puck.
9:02 of 2nd period - Slapshot by Tyler Cuma.
9:02 of 2nd period - Shot Blocked by Maxime Macenauer.
10:17 of 2nd period - Snap shot by Maxime Macenauer.
10:17 of 2nd period - Shot Blocked by Tyler Arnason.
10:21 of 2nd period - Wrist shot by Matt Beleskey.
10:21 of 2nd period - Shot Blocked by Pavel Valentenko.
10:23 of 2nd period - Slapshot by Matt Donovan.
10:23 of 2nd period - Shot Blocked by Tyler Arnason.
10:25 of 2nd period - Wrist shot by Maxime Macenauer.
10:25 of 2nd period - Shot Misses the Net.
10:27 of 2nd period - Slapshot by Gord Baldwin.
10:27 of 2nd period - Shot Misses the Net.
10:37 of 2nd period - Snap shot by Taylor Beck.
10:37 of 2nd period - Stopped by Anders Lindback without a rebound.
10:38 of 2nd period - Tim Schaller wins face-off versus Tyler Bozak in Mulligans zone.
10:38 of 2nd period - Tim Schaller is hit by Gabriel Landeskog.
10:50 of 2nd period - Snap shot by Cody Goloubef.
10:50 of 2nd period - Shot Blocked by Lukas Krajicek.
10:52 of 2nd period - Slapshot by Cade Fairchild.
10:52 of 2nd period - Stopped by Marek Mazanek without a rebound.
10:53 of 2nd period - Craig Smith wins face-off versus Nick Bonino in Diables zone.
10:53 of 2nd period - Craig Smith is hit by Matt Niskanen.
11:01 of 2nd period - Snap shot by Kellan Lain.
11:01 of 2nd period - Stopped by Anders Lindback without a rebound.
11:02 of 2nd period - Nick Bonino wins face-off versus Craig Smith in Mulligans zone.
11:17 of 2nd period - Slapshot by Thomas Hickey.
11:17 of 2nd period - Stopped by Marek Mazanek without a rebound.
11:18 of 2nd period - Anton Lander wins face-off versus Tyler Bozak in Diables zone.
11:45 of 2nd period - Chris Neil is hit by Brandon Prust and loses puck.
12:19 of 2nd period - Minor Penalty to Taylor Beck for Interference.
12:20 of 2nd period - Brandon Prust wins face-off versus Nick Bonino in Diables zone.
12:20 of 2nd period - Brandon Prust is hit by Chris Neil.
12:56 of 2nd period - Slapshot by Michael Del Zotto.
12:56 of 2nd period - Shot Blocked by Tyler Cuma.
12:58 of 2nd period - Slapshot by Eric Tangradi.
12:58 of 2nd period - Goal by Eric Tangradi - Diables : 3 - Mulligans : 4.
12:59 of 2nd period - Anton Lander wins face-off versus Tyler Bozak in neutral zone.
13:11 of 2nd period - Minor Penalty to Jonathan Tremblay for Holding.
13:12 of 2nd period - Maxime Macenauer wins face-off versus Gabriel Landeskog in Mulligans zone.
14:27 of 2nd period - Chris Neil is hit by Tyler Bozak.
15:11 of 2nd period - Penalty to Jonathan Tremblay is over, Jonathan Tremblay is back on ice.
17:31 of 2nd period - Michael Del Zotto is hit by Gabriel Landeskog and loses puck.
17:52 of 2nd period - Wrist shot by Tim Schaller.
17:52 of 2nd period - Shot Misses the Net.
18:04 of 2nd period - Slapshot by Craig Smith.
18:04 of 2nd period - Stopped by Anders Lindback with a rebound.
18:38 of 2nd period - Slapshot by Tim Schaller.
18:38 of 2nd period - Stopped by Marek Mazanek without a rebound.
18:39 of 2nd period - Tim Schaller wins face-off versus Tyler Bozak in Diables zone.
18:44 of 2nd period - Snap shot by Matt Donovan.
18:44 of 2nd period - Shot Misses the Net.
18:46 of 2nd period - Backhand shot by Gord Baldwin.
18:46 of 2nd period - Deflect By Logan Shaw.
18:46 of 2nd period - Stopped by Marek Mazanek with a rebound.
18:48 of 2nd period - Snap shot by Sven Baertschi.
18:48 of 2nd period - Shot Blocked by Gabriel Landeskog.
19:08 of 2nd period - Snap shot by Kellan Lain.
19:08 of 2nd period - Stopped by Anders Lindback without a rebound.
19:09 of 2nd period - Kyle Chipchura wins face-off versus Nick Bonino in Mulligans zone.
19:24 of 2nd period - Wrist shot by Ben Hanowski.
19:24 of 2nd period - Shot Misses the Net.
19:41 of 2nd period - Wrist shot by Steve Quailer.
19:41 of 2nd period - Shot Blocked by Michael Del Zotto.
19:43 of 2nd period - Slapshot by Lukas Krajicek.
19:43 of 2nd period - Deflect By Steve Quailer.
19:43 of 2nd period - Stopped by Anders Lindback without a rebound.
19:44 of 2nd period - Tyler Bozak wins face-off versus Anton Lander in Mulligans zone.
Goals for this period are 1 for Diables vs 2 for Mulligans.
Shots for this period are 8 for Diables vs 8 for Mulligans.
3rd period
0:01 of 3rd period - Tyler Bozak wins face-off versus Nick Bonino in neutral zone.
0:06 of 3rd period - Snap shot by Lukas Krajicek.
0:06 of 3rd period - Stopped by Anders Lindback with a rebound.
0:08 of 3rd period - Slapshot by Lukas Krajicek.
0:08 of 3rd period - Stopped by Anders Lindback without a rebound.
0:09 of 3rd period - Nick Bonino wins face-off versus Tyler Bozak in Mulligans zone.
0:16 of 3rd period - Wrist shot by Tyler Bozak.
0:16 of 3rd period - Shot Misses the Net.
0:18 of 3rd period - Snap shot by Gabriel Landeskog.
0:18 of 3rd period - Shot Hit the Post.
0:20 of 3rd period - Snap shot by Gabriel Landeskog.
0:20 of 3rd period - Stopped by Anders Lindback with a rebound.
0:22 of 3rd period - Wrist shot by Steve Quailer.
0:22 of 3rd period - Shot Blocked by Matt Taormina.
0:24 of 3rd period - Slapshot by Tyler Bozak.
0:24 of 3rd period - Stopped by Anders Lindback with a rebound.
0:26 of 3rd period - Snap shot by Gabriel Landeskog.
0:26 of 3rd period - Goal by Gabriel Landeskog - Diables : 4 - Mulligans : 4.
0:27 of 3rd period - Nick Bonino wins face-off versus Tyler Bozak in neutral zone.
0:39 of 3rd period - Slapshot by Thomas Hickey.
0:39 of 3rd period - Stopped by Marek Mazanek with a rebound.
0:53 of 3rd period - Eric Tangradi is hit by Lukas Krajicek and loses puck.
1:22 of 3rd period - Maxime Macenauer is hit by Brandon Prust and loses puck.
1:41 of 3rd period - Wrist shot by J.T. Brown.
1:41 of 3rd period - Shot Blocked by Michael Del Zotto.
2:17 of 3rd period - Anton Lander is hit by Tomas Kubalik and loses puck.
2:36 of 3rd period - Backhand shot by Brandon Prust.
2:36 of 3rd period - Stopped by Anders Lindback without a rebound.
2:37 of 3rd period - Maxime Macenauer wins face-off versus Kyle Chipchura in Mulligans zone.
2:52 of 3rd period - Slapshot by Mark Fraser.
2:52 of 3rd period - Stopped by Anders Lindback with a rebound.
2:56 of 3rd period - Snap shot by Ben Hanowski.
2:56 of 3rd period - Shot Misses the Net.
2:58 of 3rd period - Snap shot by Brandon Prust.
2:58 of 3rd period - Stopped by Anders Lindback with a rebound.
3:00 of 3rd period - Slapshot by Ben Hanowski.
3:00 of 3rd period - Stopped by Anders Lindback with a rebound.
3:20 of 3rd period - Slapshot by Ben Hanowski.
3:20 of 3rd period - Shot Misses the Net.
3:42 of 3rd period - Wrist shot by Brandon Prust.
3:42 of 3rd period - Shot Misses the Net.
3:44 of 3rd period - Wrist shot by Kyle Chipchura.
3:44 of 3rd period - Shot Misses the Net.
3:46 of 3rd period - Slapshot by Mark Fraser.
3:46 of 3rd period - Shot Misses the Net.
3:48 of 3rd period - Snap shot by Kyle Chipchura.
3:48 of 3rd period - Stopped by Anders Lindback with a rebound.
3:50 of 3rd period - Snap shot by Kyle Chipchura.
3:50 of 3rd period - Shot Blocked by Thomas Hickey.
4:00 of 3rd period - Slapshot by Matt Beleskey.
4:00 of 3rd period - Stopped by Marek Mazanek without a rebound.
4:01 of 3rd period - Tyler Bozak wins face-off versus Nick Bonino in Diables zone.
4:06 of 3rd period - Matt Donovan is hit by Tyler Bozak and loses puck.
4:40 of 3rd period - Backhand shot by Tim Schaller.
4:40 of 3rd period - Stopped by Marek Mazanek with a rebound.
4:56 of 3rd period - Slapshot by Steve Quailer.
4:56 of 3rd period - Stopped by Anders Lindback without a rebound.
4:57 of 3rd period - Craig Smith wins face-off versus Chris Neil in Mulligans zone.
5:22 of 3rd period - Wrist shot by Tyler Arnason.
5:22 of 3rd period - Stopped by Anders Lindback with a rebound.
5:53 of 3rd period - Slapshot by Logan Shaw.
5:53 of 3rd period - Shot Blocked by Kyle Chipchura.
6:07 of 3rd period - Tyler Cuma is hit by Drayson Bowman.
6:13 of 3rd period - Snap shot by Nick Bonino.
6:13 of 3rd period - Shot Misses the Net.
6:15 of 3rd period - Slapshot by Cody Goloubef.
6:15 of 3rd period - Shot Misses the Net.
6:17 of 3rd period - Slapshot by Drayson Bowman.
6:17 of 3rd period - Shot Misses the Net.
6:27 of 3rd period - Wrist shot by Tyler Bozak.
6:27 of 3rd period - Stopped by Anders Lindback with a rebound.
6:29 of 3rd period - Snap shot by Gabriel Landeskog.
6:29 of 3rd period - Shot Blocked by Matt Donovan.
7:18 of 3rd period - Matt Niskanen is hit by Brandon Prust and loses puck.
7:48 of 3rd period - Minor Penalty to Eric Tangradi for Interference.
7:49 of 3rd period - Tyler Bozak wins face-off versus Maxime Macenauer in Mulligans zone.
8:21 of 3rd period - Wrist shot by Gabriel Landeskog.
8:21 of 3rd period - Stopped by Anders Lindback with a rebound.
8:32 of 3rd period - Off-side.
8:33 of 3rd period - Craig Smith wins face-off versus Anton Lander in neutral zone.
8:38 of 3rd period - Slapshot by Tyler Cuma.
8:38 of 3rd period - Stopped by Anders Lindback without a rebound.
8:39 of 3rd period - Maxime Macenauer wins face-off versus Craig Smith in Mulligans zone.
9:48 of 3rd period - Penalty to Eric Tangradi is over, Eric Tangradi is back on ice.
9:49 of 3rd period - Kellan Lain is hit by Nick Bonino and loses puck.
10:02 of 3rd period - Snap shot by J.T. Brown.
10:02 of 3rd period - Stopped by Anders Lindback with a rebound.
10:04 of 3rd period - Slapshot by Petter Granberg.
10:04 of 3rd period - Shot Misses the Net.
10:06 of 3rd period - Slapshot by Tyler Arnason.
10:06 of 3rd period - Shot Blocked by Eric Tangradi.
10:08 of 3rd period - Slapshot by Keith Seabrook.
10:08 of 3rd period - Shot Misses the Net.
10:10 of 3rd period - Wrist shot by Tyler Arnason.
10:10 of 3rd period - Deflect By J.T. Brown.
10:10 of 3rd period - Shot Blocked by Matt Taormina.
10:10 of 3rd period - Puck is out of play.
10:11 of 3rd period - Anton Lander wins face-off versus Steve Quailer in Mulligans zone.
10:39 of 3rd period - Snap shot by J.T. Brown.
10:39 of 3rd period - Shot Misses the Net.
10:41 of 3rd period - Backhand shot by J.T. Brown.
10:41 of 3rd period - Stopped by Anders Lindback without a rebound.
10:42 of 3rd period - Nick Bonino wins face-off versus Tyler Arnason in Mulligans zone.
10:51 of 3rd period - Snap shot by Tyler Arnason.
10:51 of 3rd period - Stopped by Anders Lindback with a rebound.
10:57 of 3rd period - Snap shot by Drayson Bowman.
10:57 of 3rd period - Stopped by Marek Mazanek with a rebound.
11:09 of 3rd period - Snap shot by Maxime Macenauer.
11:09 of 3rd period - Shot Misses the Net.
11:17 of 3rd period - Matt Beleskey is hit by Tyler Cuma.
12:33 of 3rd period - Wrist shot by Matt Beleskey.
12:33 of 3rd period - Deflect By Joonas Donskoi.
12:33 of 3rd period - Shot Blocked by Petter Granberg.
12:33 of 3rd period - Puck is out of play.
12:34 of 3rd period - Maxime Macenauer wins face-off versus Craig Smith in Diables zone.
12:37 of 3rd period - Slapshot by Matt Beleskey.
12:37 of 3rd period - Goal by Matt Beleskey - Diables : 4 - Mulligans : 5.
12:38 of 3rd period - Tyler Bozak wins face-off versus Nick Bonino in neutral zone.
12:40 of 3rd period - Major / Game Misconduct Penalty to Tyler Cuma for Attempt to injure.
12:40 of 3rd period - Tyler Cuma is ejected from game.
12:41 of 3rd period - Nick Bonino wins face-off versus Brandon Prust in Diables zone.
12:43 of 3rd period - Slapshot by Matt Taormina.
12:43 of 3rd period - Stopped by Marek Mazanek without a rebound.
12:44 of 3rd period - Brandon Prust wins face-off versus Nick Bonino in Diables zone.
13:00 of 3rd period - Slapshot by Nick Bonino.
13:00 of 3rd period - Stopped by Marek Mazanek without a rebound.
13:01 of 3rd period - Brandon Prust wins face-off versus Anton Lander in Diables zone.
13:14 of 3rd period - Wrist shot by Jonathan Tremblay.
13:14 of 3rd period - Shot Misses the Net.
13:16 of 3rd period - Backhand shot by Michael Del Zotto.
13:16 of 3rd period - Stopped by Marek Mazanek with a rebound.
14:07 of 3rd period - Icing by Thomas Hickey.
14:08 of 3rd period - Kyle Chipchura wins face-off versus Nick Bonino in Mulligans zone.
14:31 of 3rd period - Slapshot by Matt Niskanen.
14:31 of 3rd period - Shot Misses the Net.
15:39 of 3rd period - Icing by Eric Tangradi.
15:40 of 3rd period - Craig Smith wins face-off versus Anton Lander in Mulligans zone.
16:47 of 3rd period - Brandon Prust is hit by Logan Shaw and loses puck.
17:40 of 3rd period - Penalty to Tyler Cuma is over, Kyle Chipchura is send on ice.
18:57 of 3rd period - Diables, Marek Mazanek is pulled from the net.
19:02 of 3rd period - Slapshot by Lukas Krajicek.
19:02 of 3rd period - Stopped by Anders Lindback with a rebound.
19:04 of 3rd period - Snap shot by Keith Seabrook.
19:04 of 3rd period - Shot Misses the Net.
19:06 of 3rd period - Slapshot by J.T. Brown.
19:06 of 3rd period - Shot Hit the Post.
19:08 of 3rd period - Slapshot by Lukas Krajicek.
19:08 of 3rd period - Stopped by Anders Lindback with a rebound.
Goals for this period are 1 for Diables vs 1 for Mulligans.
Shots for this period are 20 for Diables vs 8 for Mulligans.
Back to the Top